 Dungeon Crawl Stone Soup version 0.31-a0-1-g4198be8af4 (webtiles) character file.

Game seed: 17402863304922056240

1087 themarg the Summoner (level 8, -2/54 HPs)
             Began as a Merfolk Summoner on May 1, 2023.
             Killed from afar by an electric eel (14 damage)
             ... with a bolt of electricity
             ... on level 6 of the Dungeon.
             The game lasted 00:18:44 (5789 turns).

themarg the Summoner (Merfolk Summoner)             Turns: 5789, Time: 00:18:45

Health: -2/54      AC:  4    Str:  8    XL:     8   Next: 30%
Magic:  8/11       EV: 16    Int: 17    God:
Gold:   298        SH:  0    Dex: 14    Spells: 1/11 levels left

rFire   + . .        l - +0 spear (flame)
rCold   . . .        (no shield)
rNeg    . . .        a - +0 robe
rPois   .            t - +0 helmet
rElec   .            G - +0 cloak
rCorr   .            (no gloves)
SInv    +            (boots currently unavailable)
Will    .....        (no amulet)
Stlth   +++          r - ring of protection from fire
HPRegen 0.29/turn    E - ring of see invisible
MPRegen 0.12/turn

%: no passive effects
@: very quick
A: nimble swimmer 2, mertail
a: no special abilities


You were on level 6 of the Dungeon.
You visited 1 branch of the dungeon, and saw 6 of its levels.
You also visited: Sewer.

You collected 298 gold pieces.

Inventory:

Hand Weapons
 l - a +0 spear of flaming (weapon)
Missiles
 h - 57 stones
 u - 6 poisoned darts
Armour
 a - a +0 robe (worn)
 i - a +0 buckler
 s - the +2 ring mail "Dukufau" {rF+ Str+2 Stlth+}
   (You found it on level 2 of the Dungeon)

   Str:       It affects your strength (+2).
   rF:        It protects you from fire.
   Stlth:     It makes you more stealthy.
 t - a +0 helmet (worn)
 G - a +0 cloak (worn)
Jewellery
 j - a ring of protection from fire
 r - a ring of protection from fire (left hand)
 v - a ring of fire
 E - a ring of see invisible (right hand)
Wands
 D - a wand of acid (10)
Scrolls
 d - 2 scrolls of poison
 e - 3 scrolls of blinking
 f - 2 scrolls of enchant armour {unknown}
 n - a scroll of amnesia {unknown}
 o - 4 scrolls of teleportation {unknown}
 q - 2 scrolls of immolation {unknown}
 w - 2 scrolls of fog {unknown}
 y - a scroll of noise {unknown}
 z - 2 scrolls of enchant weapon {unknown}
 B - 2 scrolls of fear {unknown}
 F - a scroll of magic mapping {unknown}
 I - 2 scrolls of brand weapon {unknown}
 J - a scroll of silence {unknown}
Potions
 b - 2 potions of magic
 c - 3 potions of haste
 g - 3 potions of curing {unknown}
 k - a potion of brilliance {unknown}
 m - a potion of heal wounds
 p - 3 potions of resistance
 x - 2 potions of attraction {unknown}
 A - 3 potions of invisibility {unknown}
 C - a potion of lignification {unknown}
 H - 2 potions of mutation {unknown}


   Skills:
 - Level 1.0 Fighting
 - Level 2.0 Throwing
 - Level 3.0 Dodging
 - Level 3.0 Stealth
 - Level 2.0 Spellcasting
 - Level 9.0 Summonings
 + Level 3.1 Air Magic


You had one spell level left.
You knew the following spells:

 Your Spells              Type           Power      Damage    Failure   Level
a - Summon Small Mammal   Summ           100%       N/A       1%          1
b - Call Imp              Summ           64%        N/A       1%          2
c - Call Canine Familiar  Summ           32%        N/A       1%          3
d - Summon Lightning Spi  Summ/Air       22%        N/A       16%         4

Your spell library contained the following spells:

 Spells                   Type           Power      Damage    Failure   Level
 Summon Guardian Golem    Hex/Summ       17%        N/A       9%          3
 Blink                    Tloc           2%         N/A       28%         2
 Manifold Assault         Tloc           1%         N/A       88%         4
 Storm Form               Tmut/Air       3%         N/A       100%        7


Dungeon Overview and Level Annotations

Branches:
Dungeon (6/15)              Sewer (visited)
 Temple: D:4-7

Altars:
Qazlal
Wu Jian

Shops:
D:2 =   D:6 *


Innate Abilities, Weirdness & Mutations

You are very nimble when in or above water. (Stealth+, EV+, Speed+++)
Your lower body shifts to a powerful aquatic tail in water.


Message History

The orc dies!
Your wolf barely misses the hound.
Your cerulean imp misses the hound.
You hit the hound but do no damage.
Your tail-slap misses the hound.
Your wolf bites the hound!
The hound barely misses your wolf.
Your wolf bites the hound!
The hound dies!
Training target 9.0 for Summonings reached!
Your Summonings skill increases to level 9!
Items here: )) [ ††.
An electric eel comes into view.
A bolt of electricity appears from out of your range of vision.
The bolt of electricity hits your wolf!
The bolt of electricity hits your cerulean imp.
Your cerulean imp resists.
You start resting.
A sky beast comes into view.
You swap places.
Your cerulean imp disappears in a puff of smoke!
The electric eel shoots out a bolt of lightning at you!
The bolt of electricity hits you!
Okay, then.
Your legs become a tail as you enter the water.
Your wolf disappears in a puff of smoke!
Your legs become a tail as you enter the water.
The electric eel shoots out a bolt of lightning at you!
The bolt of electricity misses you.
The electric eel shoots out a bolt of lightning at you!
The bolt of electricity hits you!
* * * LOW HITPOINT WARNING * * *
You feel much better.
The electric eel shoots out a bolt of lightning at you!
The bolt of electricity hits you!
* * * LOW HITPOINT WARNING * * *
Reach: l) +0 spear (flame)
Press: ? - help, Dir - move target, f - electric eel
Aim: an electric eel (water, about 58% to evade your +0 spear of flaming)
You reach to attack!
You barely miss the electric eel.
The electric eel shoots out a bolt of lightning at you!
The bolt of electricity hits you!
You die...

##### ##≈≈≈## ##≈≈)≈≈##
##≈≈)..≈≈##
##≈≈!♣.♣.≈≈#
##≈≈.♣♣Y♣♣.≈≈#
##≈≈.♣♣≈.≈♣♣.≈≈#
##≈≈.♣♣≈...≈♣♣Y≈≈#
#####≈≈.♣♣≈.....@♣♣.≈≈#
....'..♣♣♣...∩...♣ ♣.≈#
....#≈S.♣♣≈.....S♣ ≈≈#
....##≈≈.♣♣≈...≈♣♣ ##
.....##≈≈.♣♣≈.≈♣♣
......##≈≈.♣♣.♣♣
......# #≈≈.♣.
......####≈≈..
.........##≈≈.


You could see a sky beast and an electric eel.

Vanquished Creatures
  An ice beast (D:5)
  A jelly (D:4)
  Natasha (twice) (D:2)
  Robin (D:3)
  A gnoll (D:5)
  3 adders
  An ufetubus (D:5)
  6 orcs (D:3)
  A bat (D:2)
  2 endoplasms
  3 goblins
  5 hobgoblins
  A jackal (D:1)
  A quokka (D:2)
  A ball python (D:4)
  2 frilled lizards
  7 rats
39 creatures vanquished.

Vanquished Creatures (collateral kills)
  A water moccasin (D:6)
  A sky beast (D:5)
  A phantom (D:5)
  A bullfrog (D:6)
  A howler monkey (D:4)
  A jelly (D:4)
  A hound (D:6)
  4 orc priests
  An orc wizard (D:3)
  Natasha (D:2)
  2 gnolls (D:5)
  7 adders
  3 river rats
  A white imp (D:5)
  An ufetubus (D:6)
  5 worms
  2 dart slugs
  12 orcs
  8 ball pythons
  3 endoplasms
  2 giant cockroaches
  3 hobgoblins
  3 jackals (D:1)
  A quokka (D:1)
  3 bats
  7 frilled lizards
  8 goblins
  4 kobolds
  5 rats
93 creatures vanquished.

Grand Total: 132 creatures vanquished

Notes
Turn   | Place    | Note
-------+----------+-------------------------------------------
     0 | D:1      | themarg the Merfolk Summoner began the quest for the Orb.
     0 | D:1      | Reached XP level 1. HP: 13/13 MP: 3/3
   269 | D:1      | Found a faded altar of an unknown god.
   317 | D:1      | Reached skill level 1 in Fighting
   317 | D:1      | Reached XP level 2. HP: 21/21 MP: 1/5
   320 | D:1      | Learned a level 2 spell: Call Imp
   881 | D:1      | Reached XP level 3. HP: 26/26 MP: 4/6
   885 | D:1      | Learned a level 3 spell: Call Canine Familiar
  1114 | D:2      | Found Enoutih's Jewellery Boutique.
  1208 | D:2      | Reached skill level 5 in Summonings
  1313 | D:2      | Noticed Natasha
  1320 | D:2      | Killed Natasha
  1321 | D:2      | Reached XP level 4. HP: 22/32 MP: 0/7
  1351 | D:2      | Noticed Natasha
  1361 | D:2      | Killed Natasha
  1465 | D:2      | Reached XP level 5. HP: 37/37 MP: 8/8
  1522 | D:2      | Noticed Natasha
  1532 | D:2      | Killed Natasha
  1533 | D:2      | Reached skill level 6 in Summonings
  1678 | D:2      | Identified the +2 ring mail "Dukufau" {rF+ Str+2 Stlth+}
  2541 | D:3      | Reached XP level 6. HP: 27/43 MP: 4/9
  2634 | D:3      | Reached skill level 7 in Summonings
  2849 | D:3      | Noticed Robin
  2868 | D:3      | Killed Robin
  2876 | D:3      | Reached skill level 1 in Throwing
  3221 | D:3      | Found an ornate altar of the Wu Jian Council.
  3666 | D:4      | Reached XP level 7. HP: 12/48 MP: 7/10
  3699 | D:4      | Found a glowing drain.
  3703 | Sewer    | Entered a sewer
  4652 | D:4      | Reached skill level 8 in Summonings
  4789 | D:5      | Entered Level 5 of the Dungeon
  4872 | D:5      | Reached skill level 1 in Air Magic
  5212 | D:5      | Found a stormy altar of Qazlal.
  5535 | D:5      | Reached XP level 8. HP: 43/54 MP: 4/11
  5540 | D:5      | Learned a level 4 spell: Summon Lightning Spire
  5760 | D:6      | Found Loxal's General Store.
  5768 | D:6      | Reached skill level 9 in Summonings
  5789 | D:6      | Killed from afar by an electric eel

Illustrated notes

Levels and vault maps discovered:
D:1:      dpeg_chamrin_arrival_tetris, layout_basic,
          shapermc_ecumenical_altar_venn
D:2:      layout_rooms, serial_shops, nicolae_shop_trees, minmay_hexomino_c4,
          uniq_natasha
D:3:      layout_basic, nicolae_wu_jian_glorious_leap, uniq_robin
D:4:      layout_rooms, lightli_sewer_entry_pipes, hangedman_decor_points,
          minmay_splitting_lines
D:5:      layout_cave_pools, nicolae_qazlal_beasts_of_the_sky
D:6:      layout_basic, kennysheep_diamond, nicolae_shop_unique_rings,
          serial_park_tiny_pond, uniq_sigmund, uniq_edmund

Skill      XL: |  1  2  3  4  5  6  7  8 |
---------------+-------------------------+-----
Fighting       | 1 |  1.0
Summonings     | 5 6 7 8 9 |  9.0
Stealth        | 3 |  3.0
Dodging        | 3 |  3.0
Throwing       | 2 |  2.0
Air Magic      | 2 3 |  3.1
Spellcasting   | |  2.0

Action                     |  1- 3 |  4- 6 |  7- 9 || total
---------------------------+-------+-------+-------++-------
  Melee: Hand axe          |    21 |       |       ||    21
         Unarmed           |     2 |       |       ||     2
         Spear             |     7 |    90 |    85 ||   182
         Punch             |     1 |       |     1 ||     2
         Tailslap          |       |     2 |     1 ||     3
   Cast: Summon Small Mamm |    31 |     8 |     8 ||    47
         Call Imp          |     4 |     8 |    11 ||    23
         Call Canine Famil |     3 |    21 |    18 ||    42
  Evoke: Wand              |       |       |     1 ||     1
    Use: Scroll            |       |     4 |     1 ||     5
         Potion            |       |       |     1 ||     1
   Stab: Distracted        |       |     4 |     1 ||     5
         Sleeping          |       |     2 |     3 ||     5
 Armour: Robe              |     7 |     8 |    14 ||    29
  Dodge: Dodged            |    29 |    25 |    31 ||    85

Table legend: (Time is in decaauts)
 A = Elapsed time spent in this place.
 B = Non-inter-level travel time spent in this place.
 C = Inter-level travel time spent in this place.
 D = Time resting spent in this place.
 E = Time spent auto-exploring this place.
 F = Levels seen in this place.
 G = Mean time per level.
                   A        B        C        D        E       F      G
               +--------+--------+--------+--------+--------+-----+--------+
         Total |   5724 |   5649 |     75 |    193 |   4298 |   7 |  817.7 |
       Dungeon |   5233 |   5158 |     75 |     75 |   4131 |   6 |  872.2 |
         Sewer |    490 |    490 |      0 |    118 |    167 |   1 |  490.0 |
               +--------+--------+--------+--------+--------+-----+--------+

Top non-repeatable levels by time:
     D:3: 1550 daAuts
     D:1: 1098 daAuts
     D:2: 888 daAuts
     D:5: 815 daAuts
     D:4: 706 daAuts
   Sewer: 490 daAuts
     D:6: 174 daAuts
